 Dungeon Crawl Stone Soup version 0.27.1-1-g398f81649c (webtiles) character file.

Game seed: 14706764798497583235

1773 H0rd4k the Insei (level 9, -10/54 HPs)
             Began as an Octopode Transmuter on Sept 13, 2021.
             Was an Initiate of Gozag.
             Succumbed to Edmund's poison
             ... on level 6 of the Dungeon.
             The game lasted 00:06:14 (4566 turns).

H0rd4k the Insei (Octopode Transmuter)              Turns: 4566, Time: 00:06:15

Health: -10/54     AC:  2    Str:  9    XL:     9   Next: 7%
Magic:  22/24      EV: 21    Int: 21    God:    Gozag
Gold:   505        SH:  0    Dex: 17    Spells: 12/16 levels left

rFire    x . .     SeeInvis +     - Unarmed
rCold    + + .     Faith    .   (shield currently unavailable)
rNeg     . . .     Spirit   .   (helmet currently unavailable)
rPois    x         Reflect  .   i - amulet of regeneration
rElec    .         Harm     .   g - ring of see invisible
rCorr    .         Rampage  .   b - ring of willpower
Will     +....                  k - ring of protection from cold
Stlth    +++.......             n - ring of magical power
HPRegen  1.18/turn              s - ring of ice
MPRegen  0.19/turn              (no ring)
                                (no ring)
                                (no ring)

@: lethally poisoned (-10 -> -69), spider-form
A: venomous fangs, almost no armour, (amphibious), 8 rings, tiny, (camouflage
1), (gelatinous body 1), (nimble swimmer 1), (tentacles), (large bone plates 1),
clever 1
a: End Transformation, Renounce Religion, Potion Petition, Call Merchant, Bribe
Branch


You were on level 6 of the Dungeon.
You worshipped Gozag.
Gozag was pleased with you.
You were a venomous arachnid creature.
You visited 2 branches of the dungeon, and saw 7 of its levels.

You collected 548 gold pieces.
You paid 43 gold pieces to Gozag.

Inventory:

Jewellery
 b - a ring of willpower (right front leg)
 g - a ring of see invisible (left front leg)
 i - an amulet of regeneration (around neck)
 k - a ring of protection from cold (on tentacle)
 n - a ring of magical power (on tentacle)
 s - a ring of ice (on tentacle)
Wands
 u - a wand of acid (6)
Scrolls
 d - 2 scrolls of identify {unknown}
 f - a scroll of brand weapon {unknown}
 j - a scroll of magic mapping {unknown}
 l - a scroll of noise {unknown}
 q - a scroll of fog {unknown}
 t - 2 scrolls of silence {unknown}
 v - a scroll of enchant weapon {unknown}
Potions
 a - a potion of cancellation {unknown}
 c - 3 potions of lignification {unknown}
 e - 2 potions of flight {unknown}
 h - a potion of mutation
 m - 2 potions of invisibility
 o - a potion of brilliance
 p - a potion of attraction {unknown}
 r - 3 potions of haste {unknown}


   Skills:
 + Level 2.2 Fighting
 + Level 4.1 Dodging
 + Level 4.8 Stealth
 + Level 0.3 Shields
 + Level 7.1 Unarmed Combat
 * Level 4.1 Spellcasting
 * Level 4.8 Transmutations
 * Level 5.0 Poison Magic


You had 12 spell levels left.
You knew the following spells:

 Your Spells              Type           Power      Damage    Failure   Level
a - Beastly Appendage     Tmut           48%        N/A       7%          1
b - Spider Form           Tmut/Pois      12%        N/A       14%         3

Your spell library contained the following spells:

 Spells                   Type           Power      Damage    Failure   Level
 Wereblood                Tmut           24%        N/A       10%         2
 Portal Projectile        Hex/Tloc       8%         N/A       56%         3
 Ice Form                 Ice/Tmut       21%        N/A       63%         4
 Blade Hands              Tmut           12%        N/A       63%         5
 Excruciating Wounds      Necr           2%         N/A       99%         5


Dungeon Overview and Level Annotations

Branches:
Dungeon (6/15)             Temple (1/1) D:4

Altars:
Ashenzari
Cheibriados
Dithmenos
Gozag
Hepliaklqana
Kikubaaqudgha
Makhleb
Nemelex Xobeh
Sif Muna
Uskayaw
Vehumet
Wu Jian
Yredelemnul

Annotations:
D:3 exclusion: 2 downstairs, Grinder, Natasha
D:4 exclusion: upstairs
D:6 Edmund


Innate Abilities, Weirdness & Mutations

You are a venomous arachnid creature.
You have poisonous fangs.
You are tiny and dextrous.
Your spellcasting is less reliable in this form.
Your armour is entirely melded.
You are incapable of wielding weapons or throwing items.
You cannot wear most types of armour.
((You are amphibious.))
You can wear up to eight rings at the same time.
((Your skin changes colour to match your surroundings (Stealth+).))
((Your rubbery body absorbs attacks. (AC +1, EV +1)))
((You are camouflaged near water. (Stealth+)))
((You have tentacles for arms and can constrict up to eight enemies at once.))
((You are partially covered in large bone plates. (SH +4)))
Your mind is acute. (Int +2)


Message History

You completely miss the water moccasin.
The water moccasin is heavily wounded.
The water moccasin bites you but does no damage.
You bite the water moccasin!
The water moccasin is poisoned.
The water moccasin is almost dead.
The water moccasin completely misses you.
The water moccasin closely misses you.
You closely miss the water moccasin.
The water moccasin is almost dead.
The water moccasin bites you!
You hit the water moccasin.
You kill the water moccasin!
Your Poison Magic skill increases to level 5!
You now have 505 gold pieces (gained 4).
Your transformation is almost over.
Edmund the Younger comes into view.
He is wielding a +1 dire flail of venom and wearing a +2 ring mail of willpower.
Found 6 javelins.
Edmund is nearby!
Edmund is nearby!
Edmund is nearby!
Edmund shouts!
Casting: Spider Form (dangerous; 14% risk of failure)
Confirm with . or Enter, or press ? or * to list all spells.
You extend your transformation's duration.
You hit Edmund.
Edmund is poisoned.
Edmund is lightly wounded.
Edmund hits you with a +1 dire flail of venom!
You are poisoned.
You hit Edmund.
Edmund looks as sick as possible!
Edmund is moderately wounded.
You feel extremely sick.
Edmund hits you with a +1 dire flail of venom!
You are more poisoned.
You hit Edmund but do no damage.
Edmund looks as sick as possible!
Edmund is moderately wounded.
* * * LOW HITPOINT WARNING * * *
You feel extremely sick. Edmund barely misses you.
You die...
Your body crumbles into a pile of gold.

#############
########...........#
######..................#
........................#
.........................
..(.....................#
.............#########...
.............# #...
......@.s....# #...
......######## #... .....
#... ############# #.[.
........##########...
.....................
........##########...
.......)<............ $ $
......())...........#


You could see Edmund (extremely poisoned).

Vanquished Creatures
  A wyvern (D:5)
  Menkaure (D:4)
  A water moccasin (D:6)
  A hornet zombie (D:6)
  Duvessa (D:6)
  A black bear (D:3)
  2 necrophages
  2 ogres
  A bullfrog (D:6)
  Dowan (D:6)
  2 scorpions (D:5)
  A bullfrog zombie (D:5)
  4 hounds
  An orc priest (D:4)
  A bullfrog skeleton (D:5)
  Natasha (D:3)
  3 iguanas
  2 orc wizards (D:4)
  A howler monkey zombie (D:6)
  Robin (D:4)
  5 adders
  2 ufetubi
  2 worms
  5 dart slugs
  22 orcs
  2 ball pythons
  3 bats
  2 endoplasms
  18 goblins
  13 hobgoblins
  3 quokkas
  3 frilled lizards
  5 kobolds
  2 rats
116 creatures vanquished.

Notes
Turn   | Place    | Note
-------+----------+-------------------------------------------
     0 | D:1      | H0rd4k the Octopode Transmuter began the quest for the Orb.
     0 | D:1      | Reached XP level 1. HP: 13/13 MP: 3/3
   209 | D:1      | Reached XP level 2. HP: 15/18 MP: 5/5
   764 | D:1      | Reached XP level 3. HP: 23/23 MP: 6/6
   768 | D:1      | Learned a level 3 spell: Spider Form
   965 | D:2      | Reached skill level 1 in Stealth
  1316 | D:3      | Found a broken altar of Ashenzari.
  1454 | D:3      | Reached XP level 4. HP: 26/28 MP: 4/7
  1499 | D:3      | Reached skill level 4 in Unarmed Combat
  1606 | D:4      | Noticed a black bear
  1631 | D:3      | Found a snail-covered altar of Cheibriados.
  1648 | D:3      | HP: 2/42 [poisoned by a kobold]
  1651 | D:3      | Gained mutation: You are partially covered in large bone
                  | plates. (SH +4) [potion of mutation]
  1651 | D:3      | Gained mutation: Your mind is acute. (Int +2) [potion of
                  | mutation]
  1794 | D:3      | Found a shimmering blue altar of Sif Muna.
  1795 | D:3      | Noticed Natasha
  1808 | D:3      | Killed Natasha
  1882 | D:3      | Noticed Grinder
  1909 | D:4      | Noticed Robin
  1920 | D:4      | Reached XP level 5. HP: 29/33 MP: 1/8
  2048 | D:3      | Killed a black bear
  2110 | D:3      | Found a faded altar of an unknown god.
  2280 | D:4      | Noticed an ogre
  2283 | D:4      | Noticed a necrophage
  2289 | D:4      | Killed an ogre
  2290 | D:4      | Reached skill level 1 in Poison Magic
  2290 | D:4      | Reached XP level 6. HP: 38/38 MP: 6/10
  2299 | D:4      | Killed a necrophage
  2300 | D:4      | Reached skill level 5 in Unarmed Combat
  2424 | D:4      | Killed Robin
  2525 | D:4      | Reached XP level 7. HP: 2/44 MP: 5/11
  2600 | D:4      | Found a staircase to the Ecumenical Temple.
  2607 | Temple   | Entered the Ecumenical Temple
  2698 | Temple   | Became a worshipper of Gozag Ym Sagoz the Greedy
  2773 | D:4      | Noticed Menkaure
  2792 | D:4      | Killed Menkaure
  3215 | D:3      | Noticed Natasha
  3303 | D:5      | Entered Level 5 of the Dungeon
  3405 | D:5      | Reached XP level 8. HP: 50/50 MP: 9/13
  3441 | D:5      | Reached skill level 6 in Unarmed Combat
  4020 | D:5      | Noticed a wyvern
  4029 | D:5      | Killed a wyvern
  4163 | D:6      | Noticed Duvessa
  4194 | D:6      | Killed Duvessa
  4240 | D:6      | Noticed Dowan
  4260 | D:6      | Killed Dowan
  4519 | D:6      | Reached skill level 7 in Unarmed Combat
  4519 | D:6      | Reached XP level 9. HP: 50/54 MP: 15/15
  4552 | D:6      | Reached skill level 5 in Poison Magic
  4558 | D:6      | Noticed Edmund
  4566 | D:6      | Succumbed to Edmund's poison

Illustrated notes

Levels and vault maps discovered:
D:1:      lightli_iron_boxes, layout_loops_ring, chequers_serial_rivers_micro_d
D:2:      layout_basic, st_stairs_3
D:3:      layout_rooms, mainiacjoe_overflow_paths,
          nicolae_overflow_crystal_walls, mainiacjoe_overflow_surrounded_room,
          ebering_ecumenical_altar_mist, uniq_grinder, uniq_natasha
D:4:      layout_gridville, minmay_temple_entry_junction,
          minmay_goblin_kobold_house, uniq_menkaure, uniq_robin
D:5:      layout_loops_cross, minmay_statues_item,
          chequers_serial_rivers_small_3, minmay_misc_feat_five
D:6:      layout_basic, nicolae_qazlal_eye_of_the_storm, columned_hall_lemuel,
          minmay_shop_grid_forest, uniq_edmund, uniq_duvessa
Temple:   compressed_dpeg_circular_temple

Skill      XL: |  1  2  3  4  5  6  7  8  9 |
---------------+----------------------------+-----
Stealth        | 2 3 4 |  4.8
Unarmed Combat | 4 5 7 |  7.1
Poison Magic   | 1 3 4 5 |  5.0
Dodging        | 3 4 |  4.1
Spellcasting   | 3 4 |  4.1
Transmutations | 3 4 |  4.8
Fighting       | 2 |  2.2
Shields        | |  0.3

Action                   |  1- 3 |  4- 6 |  7- 9 || total
-------------------------+-------+-------+-------++-------
Melee: Unarmed           |    64 |   110 |   201 ||   375
       Constrict         |    19 |    16 |    10 ||    45
       Tentacles         |     6 |    13 |     8 ||    27
       Punch             |     1 |     4 |       ||     5
 Cast: Spider Form       |     1 |     7 |    21 ||    29
  Use: Potion            |       |     5 |       ||     5
 Stab: Sleeping          |     4 |     5 |     5 ||    14
Armor: Skin              |     7 |     9 |     5 ||    21
Dodge: Dodged            |    31 |    88 |   150 ||   269
Block: Other             |       |     3 |     5 ||     8
